 Dungeon Crawl Stone Soup version 0.27.0-1-g7a089689b8 (webtiles) character file.

Game seed: 6990071284173070912

372 KamiKatze the Shield-Bearer (level 7, -1/55 HPs)
             Began as a Formicid Fighter on Aug 3, 2021.
             Was an Initiate of Okawaru.
             Splashed by a jelly's acid (10 damage)
             ... on level 4 of the Dungeon.
             The game lasted 00:10:36 (3301 turns).

KamiKatze the Shield-Bearer (Formicid Fighter)      Turns: 3301, Time: 00:10:36

Health: -1/55      AC: -5    Str: 23    XL:     7   Next: 2%
Magic:  7/7        EV:  8    Int:  7    God:    Okawaru [......]
Gold:   190        SH: 10    Dex: 10    Spells: 6/6 levels left

rFire    . . .     SeeInvis +   a - +0 war axe
rCold    . . .     Faith    .   c - +0 kite shield
rNeg     . . .     Spirit   .   b - +0 scale mail
rPois    .         Reflect  .   (helmet unavailable)
rElec    .         Harm     .   (no cloak)
rCorr    .         Rampage  .   (no gloves)
Will     .....                  (no boots)
Stlth    ..........             k - amulet of regeneration
HPRegen  1.18/turn              (no ring)
MPRegen  0.10/turn              (no ring)

@: mighty, corroded
A: permanent stasis, dig shafts and tunnels, antennae 3, four strong arms
a: Dig, Shaft Self, Renounce Religion


You were on level 4 of the Dungeon.
You worshipped Okawaru.
Okawaru was noncommittal.
You visited 2 branches of the dungeon, and saw 6 of its levels.

You collected 190 gold pieces.

Inventory:

Hand Weapons
 a - a +0 war axe (weapon)
 q - a +0 flail
Missiles
 g - 13 poisoned darts (quivered)
Armour
 b - a +0 scale mail (worn)
 c - a +0 kite shield (worn)
 o - a +0 plate armour
Jewellery
 k - an amulet of regeneration (around neck)
Scrolls
 h - a scroll of noise {unknown}
 i - a scroll of enchant weapon {unknown}
 m - a scroll of enchant armour {unknown}
 n - a scroll of magic mapping
 r - a scroll of brand weapon {unknown}
Potions
 d - a potion of might
 f - a potion of flight
 l - a potion of resistance {unknown}
 p - a potion of lignification {unknown}


   Skills:
 + Level 4.5 Fighting
 * Level 4.6 Axes
 - Level 3.2 Armour
 * Level 6.1 Shields
 + Level 0.0 Invocations


You had 6 spell levels left.
You didn't know any spells.
Your spell library contained the following spells:

 Spells                   Type           Power      Damage    Failure   Level
 Manifold Assault         Tloc           0%         N/A       100%        5
 Storm Form               Tmut/Air       0%         N/A       100%        7
 Blink                    Tloc           Unusable   N/A       N/A         2

Dungeon Overview and Level Annotations

Branches:
Dungeon (5/15)             Temple (1/1) D:4

Altars:
Ashenzari
Cheibriados
Dithmenos
Fedhas
Gozag
Hepliaklqana
Kikubaaqudgha
Makhleb
Nemelex Xobeh
Okawaru
Qazlal
Ru
Trog
Uskayaw
Xom
Zin
The Shining One

Shops:
D:4 (


Innate Abilities, Weirdness & Mutations

You cannot be hasted, slowed, berserked, paralysed or teleported.
You can dig through walls and to a lower floor.
You have a pair of large antennae on your head. (SInv)
Your four strong arms can wield two-handed weapons with a shield.


Message History

There is a stone staircase leading down here.
You climb downwards.
A jelly comes into view.
The jelly quivers.
There is a stone staircase leading up here.
You block the jelly's attack.
You hit the jelly. The acid corrodes you!
Your hands burn!
The jelly is moderately wounded.
The jelly hits you. The acid corrodes you!
You are splashed with acid.
You hit the jelly but do no damage.
Your hands burn!
The jelly is moderately wounded.
The jelly hits you. The acid corrodes you!
You are splashed with acid.
You hit the jelly but do no damage.
Your hands burn!
The jelly is moderately wounded.
The jelly hits you.
You are splashed with acid!
The jelly hits you.
* * * LOW HITPOINT WARNING * * *
You are splashed with acid!
* * * LOW HITPOINT WARNING * * *
You are too injured to fight recklessly!
You are too injured to fight recklessly!
You hit the jelly.
Your hands burn!
* * * LOW HITPOINT WARNING * * *
The jelly is moderately wounded.
You block the jelly's attack.
There is a stone staircase leading up here.
The jelly hits you.
* * * LOW HITPOINT WARNING * * *
You are splashed with acid!
* * * LOW HITPOINT WARNING * * *
You climb upwards.
There is a stone staircase leading down here.
You feel very mighty all of a sudden. The jelly misses you.
Unknown command.
Your scale mail prevents you from hitting the jelly.
The jelly is moderately wounded.
The jelly hits you.
* * * LOW HITPOINT WARNING * * *
You are splashed with acid!
You die...

#.#######.#####
####.# #.# #.#(.##
#....# #.# #......
#.##.# #.# #.....#
#.##.###.###...###
#.##.##...##..####
#.##.##(..##.###..
#.##.##...##.##.#.
#@J..##...##..#..#
####.##...##.##...
#...........##...
#.##.######.##...
#.#.....# #..#..)
#....##.######..#
###.###......#.#.
#.# #......##..
###†###......##..


You could see a jelly.

Vanquished Creatures
  Grinder (D:3)
  A hound (D:4)
  3 gnolls (D:2)
  3 adders (D:3)
  4 worms
  4 dart slugs
  4 orcs
  3 ball pythons (D:4)
  8 endoplasms
  2 giant cockroaches
  7 goblins
  10 hobgoblins
  9 jackals
  A quokka (D:1)
  5 bats
  A frilled lizard (D:1)
  9 kobolds
  9 rats
84 creatures vanquished.

Vanquished Creatures (collateral kills)
  A ball python (D:4)
1 creature vanquished.

Grand Total: 85 creatures vanquished

Notes
Turn   | Place    | Note
-------+----------+-------------------------------------------
     0 | D:1      | KamiKatze the Formicid Fighter began the quest for the Orb.
     0 | D:1      | Reached XP level 1. HP: 18/18 MP: 1/1
    75 | D:1      | Reached XP level 2. HP: 21/24 MP: 2/2
   121 | D:1      | Reached skill level 4 in Shields
   156 | D:1      | Reached XP level 3. HP: 21/29 MP: 3/3
   889 | D:2      | Reached XP level 4. HP: 37/37 MP: 4/4
  1610 | D:3      | Reached XP level 5. HP: 35/42 MP: 5/5
  1718 | D:3      | Reached skill level 5 in Shields
  2217 | D:3      | Noticed Grinder
  2232 | D:3      | Killed Grinder
  2233 | D:3      | Reached skill level 6 in Shields
  2233 | D:3      | Reached XP level 6. HP: 14/49 MP: 6/6
  2366 | D:3      | You fall into a shaft and drop 1 floor!
  2649 | D:3      | Found a snail-covered altar of Cheibriados.
  2762 | D:4      | Found a shimmering altar of Xom.
  3022 | D:4      | Found a staircase to the Ecumenical Temple.
  3031 | Temple   | Entered the Ecumenical Temple
  3102 | Temple   | Became a worshipper of Warmaster Okawaru
  3140 | D:4      | Reached XP level 7. HP: 55/55 MP: 7/7
  3181 | D:4      | Found Ciwebbisch's Weapon Boutique.
  3287 | D:5      | Entered Level 5 of the Dungeon
  3301 | D:4      | Splashed by a jelly's acid

Illustrated notes

Levels and vault maps discovered:
D:1:      dpeg_arrival_ratfight, layout_loops_cross
D:2:      layout_loops_corners, grunt_ministairs_9
D:3:      layout_basic, slow_altar_2, palyth_stone_intersect,
          grunt_ministairs_7, chequers_serial_rivers_micro_e, uniq_grinder
D:4:      layout_basic, pf_just_have_faith, minmay_temple_entry_antechambers,
          minmay_door_square, chequers_jeans, hangedman_decor_slide_cut,
          nicolae_take_the_stairs
D:5:      layout_basic, serial_rivers, chequers_serial_rivers_micro_c,
          chequers_serial_rivers_micro_e, chequers_serial_rivers_micro_b,
          chequers_serial_rivers_micro_c, interstate_on_off,
          kennysheep_minor_cross, uniq_duvessa
Temple:   eino_wide_crystal_templ

Skill      XL: |  1  2  3  4  5 |
---------------+----------------+-----
Shields        | 4 6 |  6.1
Axes           | 3 4 |  4.6
Fighting       | 4 |  4.5
Armour         | |  3.2

Action                   |  1- 3 |  4- 6 |  7- 9 || total
-------------------------+-------+-------+-------++-------
Melee: War axe           |    98 |   153 |     6 ||   257
  Use: Scroll            |       |     4 |       ||     4
       Potion            |       |       |     1 ||     1
Armor: Scale mail        |    47 |    36 |       ||    83
Dodge: Dodged            |    32 |    48 |     1 ||    81
Block: Kite shield       |    64 |    76 |     3 ||   143
